 Dungeon Crawl Stone Soup version 0.18-a0-844-g9229740 (webtiles) character file.

1262 4thArraOfDagon the Fighter (level 8, -8/75 HPs)
             Began as a Hill Orc Artificer on Dec 18, 2015.
             Was an Initiate of Pakellas.
             Mangled by a wyvern (14 damage)
             ... on level 10 of the Dungeon.
             The game lasted 00:11:30 (1859 turns).

4thArraOfDagon the Fighter (Hill Orc Artificer)     Turns: 1859, Time: 00:11:30

Health: -8/75      AC:  2    Str: 14    XL:     8   Next: 52%
Magic:  12/12      EV: 17    Int: 13    God:    Pakellas [......]
Gold:   223        SH:  0    Dex: 17    Spells: 0 memorised, 7 levels left

rFire  . . .     SeeInvis .     w - +0 morningstar
rCold  . . .     Gourm    .     b - troll hide
rNeg   . . .     Faith    .     (no shield)
rPois  .         Spirit   .     (no helmet)
rElec  .         Dismiss  .     (no cloak)
rCorr  .         Reflect  .     (no gloves)
SustAt .         Harm     .     (no boots)
MR     .....                    (no amulet)
Stlth  +++.......               (no ring)
                                (no ring)

@: agile, not resistant to hostile enchantments, fairly stealthy
A: no striking features
a: Renounce Religion


You were on level 10 of the Dungeon.
You worshipped Pakellas.
Pakellas was noncommittal.
You were not hungry.

You visited 2 branches of the dungeon, and saw 11 of its levels.

You collected 223 gold pieces.

Inventory:

Hand Weapons
 w - a +0 morningstar (weapon)
Armour
 b - a troll hide (worn)
 u - a +0 chain mail
Wands
 c - a wand of flame (0)
 d - a wand of enslavement (0)
 e - a wand of random effects (3)
 l - a wand of teleportation (1)
 p - a wand of disintegration (8)
Scrolls
 h - a scroll of noise {unknown}
 n - 2 scrolls of random uselessness {unknown}
 s - a scroll of remove curse {unknown}
 x - a scroll of torment {unknown}
 y - a scroll of magic mapping {unknown}
Potions
 a - a potion of lignification
 m - a potion of agility
 v - a potion of might
Comestibles
 f - 4 bread rations
 g - 4 chunks of flesh
 k - 2 meat rations
 r - 3 fruits


   Skills:
 - Level 8.4 Fighting
   Level 1.0 Short Blades
 * Level 5.0 Maces & Flails
 + Level 2.3 Armour
 - Level 1.5 Dodging
 - Level 0.7 Stealth
 + Level 5.5 Evocations


You had 7 spell levels left.
You didn't know any spells.

Dungeon Overview and Level Annotations

Branches:
Dungeon (9/15)             Temple (1/1) D:7
   Lair: D:8-11         Orc: D:9-12

Altars:
Ashenzari
Cheibriados
Dithmenos
Fedhas
Gozag
Nemelex Xobeh
Okawaru
Pakellas
Qazlal
Ru
Sif Muna
Trog
Vehumet
Xom
The Shining One

Annotations:
D:4 Borgoz's ghost, amateur SpAs
D:5 Duvessa


Message History

Unknown command.
Unknown command.
Unknown command.
Unknown command.
Unknown command.
The yak completely misses you.
Unknown command.
Unknown command.
The wyvern bites you!
* * * LOW HITPOINT WARNING * * *
Unknown command.
Unknown command.
Unknown command.
Drink which item? (? for menu, Esc to quit)
Okay, then.
Read which item? (? for menu, Esc to quit)
As you read the scroll labeled MIJUADYQESM, it crumbles to dust.
The creatures around you are filled with an inner flame!
It was a scroll of immolation.
The wyvern bites you!
You die...

#.......
.......
##.....##
#.......#
#.......#
#.<.<...######
#..l.h.#.>..#
#..@Y.#....#
####Y......#
##Y.....#
#......#
...)....####
........#
###.#....
#.#.....
....#....


You could see 3 yaks, a wyvern (inner flame) and a hound (inner flame).

Vanquished Creatures
  A spriggan (D:7)
  A phantom (D:6)
  2 centaurs (D:5)
  4 killer bees (D:8)
  An ogre (D:5)
  2 giant frogs
  An iguana (D:6)
  Dowan (D:5)
  A centaur skeleton (D:7)
  A crimson imp (D:7)
  A giant frog skeleton (D:5)
  An orc wizard (D:7)
  Jessica (D:3)
  A hound zombie (D:5)
  A gnoll (D:1)
  A shadow imp (D:5)
  An adder zombie (D:4)
  7 orcs
  A ball python (D:4)
  A goblin (D:3)
  A hobgoblin (D:1)
  2 giant cockroaches (D:4)
  2 giant newts
  A kobold (D:1)
37 creatures vanquished.

Vanquished Creatures (collateral kills)
  An ice beast (D:6)
  An ogre (D:6)
  2 orc priests (D:7)
  An iguana (D:8)
  A worker ant (D:5)
  An adder (D:5)
  3 orcs (D:7)
10 creatures vanquished.

Vanquished Creatures (others)
  An orc warrior (D:7)
  2 killer bees (D:8)
  A scorpion (D:8)
  A worker ant (D:6)
5 creatures vanquished.

Grand Total: 52 creatures vanquished

Notes
Turn   | Place    | Note
--------------------------------------------------------------
     0 | D:1      | 4thArraOfDagon the Hill Orc Artificer began the quest for the Orb.
     0 | D:1      | Reached XP level 1. HP: 16/16 MP: 3/3
     8 | D:1      | Reached XP level 2. HP: 23/23 MP: 4/4
    46 | D:1      | You fall through a shaft!
    46 | D:2      | Found a shattered altar of Ashenzari.
    47 | D:2      | Found a shadowy altar of Dithmenos.
    93 | D:3      | Noticed Jessica
   119 | D:3      | Killed Jessica
   119 | D:3      | Reached skill level 4 in Evocations
   119 | D:3      | Reached XP level 3. HP: 25/28 MP: 4/6
   268 | D:4      | Found a sparkling altar of Nemelex Xobeh.
   268 | D:4      | Found an iron altar of Okawaru.
   333 | D:4      | Noticed Borgoz's ghost (amateur SpAs)
   360 | D:5      | Entered Level 5 of the Dungeon
   392 | D:5      | Noticed Duvessa
   392 | D:5      | Noticed Dowan
   400 | D:5      | Killed Dowan
   400 | D:5      | Reached XP level 4. HP: 25/37 MP: 7/7
   485 | D:5      | Reached XP level 5. HP: 12/46 MP: 8/8
   552 | D:5      | Noticed an ogre
   557 | D:5      | Killed an ogre
   557 | D:5      | Reached skill level 5 in Fighting
   736 | D:6      | Noticed a phantom
   740 | D:6      | Noticed an ogre
   766 | D:6      | Noticed an ice beast
   767 | D:6      | Killed an ogre
   767 | D:6      | Reached skill level 6 in Fighting
   767 | D:6      | Reached XP level 6. HP: 37/57 MP: 9/9
   828 | D:6      | Reached skill level 7 in Fighting
   915 | D:7      | Found a staircase to the Ecumenical Temple.
   940 | D:7      | Reached XP level 7. HP: 19/66 MP: 10/10
   983 | D:7      | Found a shimmering altar of Xom.
   985 | D:7      | Found a shimmering altar of Xom.
  1007 | Temple   | Entered the Ecumenical Temple
  1071 | Temple   | meh
  1102 | Temple   | Became a worshipper of Pakellas the Inventive
  1137 | D:7      | Found a shimmering altar of Xom.
  1139 | D:7      | Found a shimmering altar of Xom.
  1139 | D:7      | Found a shimmering altar of Xom.
  1175 | D:8      | Reached skill level 1 in Maces & Flails
  1238 | D:7      | Found a shimmering altar of Xom.
  1264 | D:7      | Reached skill level 8 in Fighting
  1423 | D:5      | Reached XP level 8. HP: 36/75 MP: 11/11
  1633 | D:8      | Reached skill level 5 in Evocations
  1646 | D:8      | Reached skill level 1 in Armour
  1660 | D:8      | HP: 1/75 [killer bee (5)]
  1683 | D:7      | Noticed a troll
  1685 | D:7      | a troll changed into a spriggan
  1687 | D:7      | Reached skill level 5 in Maces & Flails
  1810 | D:8      | Noticed a centaur warrior
  1824 | D:8      | Noticed a hill giant
  1854 | D:9      | You fall through a shaft!
  1854 | D:10     | Entered Level 10 of the Dungeon
  1859 | D:10     | Mangled by a wyvern

Vault maps used:
D:1:      sevenhm_arrival_forest_fort_small_6
D:2:      nicolae_overflow_hidden_temple, first_bread
D:3:      elyvilon_altar_4, kennysheep_vampire_church,
          overflow_temple_1_default, uniq_jessica
D:4:      gammafunk_temple_overflow_statue
D:5:      basic_altar, kennysheep_generic_room_6, uniq_grinder, uniq_duvessa,
          uniq_prince_ribbit1
D:6:      nicolae_ashenzari_panopticon
D:7:      xom_shifter_show, minmay_temple_entry_trees
D:9:      david_orc_5
Temple:   roderic_octagonal_lattice_temple

Action                   |  1- 3 |  4- 6 |  7- 9 || total
-------------------------+-------+-------+-------++-------
Melee: Spear             |    32 |    47 |     3 ||    82
       Short sword       |     4 |       |       ||     4
       Morningstar       |       |       |    63 ||    63
Evoke: Wand              |     8 |     8 |    27 ||    43
  Use: Scroll            |       |       |     7 ||     7
       Potion            |       |       |     4 ||     4
 Stab: Distracted        |     1 |       |       ||     1
       Sleeping          |     1 |       |       ||     1
  Eat: Pizza             |       |       |     2 ||     2
       Chunk             |       |       |     1 ||     1
